 Dungeon Crawl Stone Soup version 0.20.0-8-g6b59dc7 (webtiles) character file.

4608 Artagas the Fighter (level 10, 0/102 HPs)
             Began as a Naga Berserker on May 31, 2017.
             Was an Elder of Trog.
             Slain by a killer bee (1 damage)
             ... on level 8 of the Dungeon.
             The game lasted 00:27:06 (8973 turns).

Artagas the Fighter (Naga Berserker)                Turns: 8973, Time: 00:27:06

Health: 0/102      AC:  8    Str: 21    XL:     10   Next: 42%
Magic:  10/10      EV: 10    Int:  7    God:    Trog [****..]
Gold:   34         SH:  0    Dex: 13    Spells: 9/9 levels left

rFire    + . .     SeeInvis +   y - +2 hand axe (freeze)
rCold    + . .     Gourm    .   (no shield)
rNeg     . . .     Faith    .   f - +2 robe {rF+}
rPois    +         Spirit   .   (no helmet)
rElec    .         Reflect  .   a - +0 cloak
rCorr    .         Harm     .   i - +0 pair of gloves
MR       +....                  (no barding)
Stlth    ++++......             (no amulet)
Regen    0.3/turn               m - ring of protection from cold
MPRegen  0.2/turn               D - ring of flight

@: berserk cooldown, fainting, hasted and slowed, very slow
A: see invisible, deformed body, poison resistance, slowness 2, slow metabolism
1, spit poison 1, AC +3
a: Spit Poison, Berserk, Trog's Hand, Brothers in Arms, Burn Spellbooks,
Renounce Religion, Evoke Flight


You were on level 8 of the Dungeon.
You worshipped Trog.
Trog was greatly pleased with you.
You were fainting.

You visited 2 branches of the dungeon, and saw 10 of its levels.

You collected 378 gold pieces.
You spent 344 gold pieces at shops.

Inventory:

Hand Weapons
 y - a +2 hand axe of freezing (weapon)
 B - a +2 hand axe of chopping
Armour
 a - a +0 cloak (worn)
 f - a +2 robe of fire resistance (worn)
 i - a +0 pair of gloves (worn)
 w - a +1 chain mail of fire resistance
 x - a scarf of resistance
Jewellery
 m - a ring of protection from cold (left hand)
 D - a ring of flight (right hand)
Wands
 b - a wand of iceblast (12/15)
 F - a wand of confusion (14/48)
 G - a wand of digging (9/24)
Scrolls
 d - 2 scrolls of enchant armour
 g - 4 scrolls of teleportation
 j - 2 scrolls of remove curse
 n - a scroll of amnesia {unknown}
 o - 3 scrolls of immolation
 r - a scroll of enchant weapon
 u - 3 scrolls of recharging
 v - a scroll of noise {unknown}
 z - 5 scrolls of identify
 C - a scroll of fog {unknown}
 E - a scroll of magic mapping {unknown}
Potions
 e - 3 potions of might
 k - 3 potions of curing
 p - a potion of haste
 A - a potion of agility
Comestibles
 c - 6 bread rations
 h - 4 meat rations
 l - 3 royal jellies
 q - 11 fruits
 t - 3 chunks of flesh


   Skills:
 + Level 9.9 Fighting
 + Level 9.9 Axes
 - Level 2.5 Armour
 - Level 2.6 Dodging
 - Level 9.0 Stealth


You had 9 spell levels left.
You didn't know any spells.

Dungeon Overview and Level Annotations

Branches:
Dungeon (9/15)             Temple (1/1) D:7
   Lair: D:8-11         Orc: D:9-12

Altars:
Ashenzari
Cheibriados
Dithmenos
Elyvilon
Fedhas
Gozag
Hepliaklqana
Kikubaaqudgha
Makhleb
Nemelex Xobeh
Okawaru
Qazlal
Ru
Sif Muna
Trog
Uskayaw
Vehumet
Xom
Yredelemnul
Zin
The Shining One

Shops:
D:5 (   D:8 ?

Annotations:
D:9 Psyche


Innate Abilities, Weirdness & Mutations

You cannot wear boots.
Your serpentine skin is tough. (AC +3)
You have supernaturally acute eyesight. (SInv)
Armour fits poorly on your strangely shaped body.
Your system is resistant to poisons. (rPois)
You cover ground very slowly.
You have a slow metabolism.
You can spit poison.


Message History

The killer bee barely misses you. The killer bee stings you.
* * * LOW HITPOINT WARNING * * *
The killer bee barely misses you. x2
There is a stone staircase leading up here.
You feel your anger subside. The killer bee stings you.
* * * LOW HITPOINT WARNING * * *
The killer bee stings you.
* * * LOW HITPOINT WARNING * * *
The killer bee closely misses you.
You climb upwards.
You are no longer berserk.
You are exhausted.
You feel yourself slow down.
There is a stone staircase leading down here.
You are fainting from starvation!
You closely miss the killer bee. x2; You hit the killer bee.
You freeze the killer bee. The killer bee stings you.
You die...

#. ################ #.
#..............#####.
#......#####......### #h
#......+..........'.. #.##
#......#####....!.### #...
#.#........#......# #..#
#.#..y.....#......# #..#
#.#y@y............+ #..#
#.##+#######......# # #..#
#.##.# #......# # #..# #.##.#
###.#### # #..# #.##.# #...#
# #..# #.##.# #...# #
#..######.##.########...# #
#...................+...#####
##.######.##.########...##..)


You could see 3 killer bees.

Vanquished Creatures
  A two-headed ogre (D:6)
  Grinder (D:6)
  A hippogriff (D:8)
  Sigmund (D:2)
  5 sky beasts
  An orc warrior (D:9)
  7 ogres
  2 phantoms
  A crocodile (D:8)
  4 centaurs
  3 bullfrogs
  A scorpion (D:7)
  4 killer bees (D:7)
  2 howler monkeys (D:7)
  9 crimson imps
  A hound (D:6)
  A quasit (D:6)
  An orc priest (D:6)
  A bullfrog skeleton (D:6)
  A bullfrog zombie (D:7)
  Crazy Yiuf (D:6)
  A centaur skeleton (D:7)
  4 iguanas
  7 orc wizards
  3 worker ants
  A killer bee zombie (D:7)
  A worker ant zombie (D:7)
  A howler monkey skeleton (D:4)
  5 gnolls
  10 adders
  3 shadow imps
  A worm (D:2)
  A dart slug (D:4)
  3 leopard geckos
  28 orcs
  A ball python (D:2)
  6 giant cockroaches
  7 goblins
  5 hobgoblins
  8 jackals
  4 kobolds
  2 quokkas
  A ball python skeleton (D:5)
  4 bats
  5 frilled lizards
  A giant cockroach zombie (D:5)
  2 quokka zombies (D:5)
  11 rats
175 creatures vanquished.

Vanquished Creatures (others)
  A hound skeleton (D:4)
  2 fungi (D:6)
  2 plants (D:8)
5 creatures vanquished.

Grand Total: 180 creatures vanquished

Notes
Turn   | Place    | Note
-------+----------+-------------------------------------------
     0 | D:1      | Artagas the Naga Berserker began the quest for the Orb.
     0 | D:1      | Reached XP level 1. HP: 21/21 MP: 1/1
   851 | D:1      | Reached XP level 2. HP: 25/28 MP: 2/2
  1029 | D:2      | Noticed Sigmund
  1037 | D:2      | Killed Sigmund
  1037 | D:2      | Reached XP level 3. HP: 36/36 MP: 3/3
  1037 | D:2      | Reached XP level 4. HP: 44/44 MP: 4/4
  1037 | D:2      | Reached XP level 5. HP: 50/50 MP: 5/5
  1082 | D:2      | Found an ancient bone altar of Kikubaaqudgha.
  1082 | D:2      | Found a deep blue altar of Sif Muna.
  1102 | D:2      | Found a stormy altar of Qazlal.
  1104 | D:2      | Found a radiant altar of Vehumet.
  1105 | D:2      | Found a blossoming altar of Fedhas.
  1629 | D:2      | Found an opulent altar of Gozag.
  1629 | D:2      | Found a glowing silver altar of Zin.
  1756 | D:2      | Found a sparkling altar of Nemelex Xobeh.
  2357 | D:3      | Reached ** piety under Trog
  2989 | D:4      | Reached XP level 6. HP: 55/57 MP: 6/6
  3058 | D:4      | Noticed a phantom
  3119 | D:4      | Killed a phantom
  3284 | D:4      | Reached skill level 5 in Fighting
  3284 | D:4      | Reached skill level 5 in Axes
  3348 | D:4      | Found a snail-covered altar of Cheibriados.
  3371 | D:4      | Found a hide-covered altar of Uskayaw.
  3639 | D:4      | Noticed a sky beast
  3650 | D:4      | Killed a sky beast
  3650 | D:4      | Reached XP level 7. HP: 67/67 MP: 7/7
  3858 | D:4      | Found an iron altar of Okawaru.
  4175 | D:5      | Entered Level 5 of the Dungeon
  4175 | D:5      | Found Furghuh's Antique Weapon Emporium.
  4398 | D:5      | Bought a runed hand axe for 156 gold pieces
  4643 | D:5      | Reached XP level 8. HP: 31/78 MP: 8/8
  5134 | D:5      | Found a sacrificial altar of Ru.
  5499 | D:5      | Got an ichor-stained quarterstaff
  5500 | D:5      | Identified the +6 quarterstaff of a bailey {crush, rElec Str+4 Int+4} (You found it on level 5 of the Dungeon)
  5542 | D:6      | Reached skill level 1 in Stealth
  5851 | D:6      | Found a runed door.
  5901 | D:6      | Reached *** piety under Trog
  5923 | D:6      | Noticed Crazy Yiuf
  5929 | D:6      | Killed Crazy Yiuf
  6178 | D:6      | Noticed a two-headed ogre
  6184 | D:6      | Killed a two-headed ogre
  6184 | D:6      | Reached XP level 9. HP: 74/88 MP: 9/9
  6244 | D:6      | Noticed Grinder
  6261 | D:6      | Killed Grinder
  7570 | D:7      | Reached XP level 10. HP: 99/99 MP: 10/10
  7710 | D:7      | Reached **** piety under Trog
  7852 | D:7      | Found a staircase to the Ecumenical Temple.
  8208 | Temple   | Entered the Ecumenical Temple
  8440 | D:8      | Found Lidappue's Magic Scroll Shoppe.
  8445 | D:8      | Bought a scroll of enchant armour for 97 gold pieces
  8445 | D:8      | Bought a scroll of teleportation for 39 gold pieces
  8445 | D:8      | Bought a scroll of identify for 26 gold pieces
  8445 | D:8      | Bought a scroll of identify for 26 gold pieces
  8812 | D:8      | You fall through a shaft!
  8888 | D:9      | Noticed Psyche
  8967 | D:9      | HP: 5/102 [killer bee (3)]
  8971 | D:9      | HP: 1/153 [killer bee (2)]
  8973 | D:8      | Slain by a killer bee

Skill      XL: |  1  2  3  4  5  6  7  8  9 |
---------------+----------------------------+-----
Armour         | 2 |  2.5
Dodging        | 2 |  2.6
Axes           | 4 5 6 8 9 |  9.9
Fighting       | 4 5 6 8 9 |  9.9
Stealth        | 6 9 |  9.0

Action                   |  1- 3 |  4- 6 |  7- 9 | 10-12 || total
-------------------------+-------+-------+-------+-------++-------
Melee: Hand axe          |    38 |    43 |   259 |   129 ||   469
       Morningstar       |       |   100 |    46 |       ||   146
Invok: Berserk           |     2 |     3 |    11 |     5 ||    21
       Burn Spellbooks   |       |     1 |       |     1 ||     2
       Trog's Hand       |       |       |       |     1 ||     1
 Abil: Spit Poison       |     1 |     2 |     3 |       ||     6
  Use: Scroll            |       |     6 |     2 |     4 ||    12
       Potion            |       |       |       |     3 ||     3
 Stab: Sleeping          |       |       |     5 |     3 ||     8
       Distracted        |       |       |       |     1 ||     1
  Eat: Chunk             |     1 |    10 |    19 |     7 ||    37
       Fruit             |       |       |       |     1 ||     1
Armor: Animal skin       |     1 |    21 |       |       ||    22
       Robe              |       |    35 |   111 |    46 ||   192
Dodge: Dodged            |    19 |   111 |   173 |    65 ||   368
